 Dungeon Crawl Stone Soup version 0.17.1-3-g152610e (webtiles) character file.

2653 kaze the Ducker (level 9, -10/132 HPs)
             Began as a Troll Berserker on Mar 1, 2016.
             Was a High Priest of Trog.
             Mangled by Prince Ribbit (19 damage)
             ... on level 8 of the Dungeon.
             The game lasted 00:27:18 (6238 turns).

kaze the Ducker (Troll Berserker)                   Turns: 6238, Time: 00:27:19

Health: -10/132    AC: 11    Str: 34    XL:     9   Next: 36%
Magic:  8/8        EV: 12    Int:  3    God:    Trog [*****.]
Gold:   311        SH:  0    Dex: 10    Spells: 0 memorised, 8 levels left

rFire  . . .     SeeInvis .     s - +2 trident (protect)
rCold  . . .     Clarity  .     b - +0 animal skin
rNeg   . . .     SustAt   +     (no shield)
rPois  +         Gourm    +     (helmet restricted)
rElec  .         Spirit   .     K - +0 cloak {MR+}
rCorr  .         Warding  .     (gloves unavailable)
rMut   .         Stasis   .     (boots unavailable)
MR     +++..                    (no amulet)
Stlth  ..........               I - ring of sustain attributes
                                u - ring of poison resistance

@: berserking (expiring), regenerating, very quick, extremely resistant to
hostile enchantments, extremely unstealthy
A: unfitting armour, claws 3, fast metabolism 3, gourmand, regeneration 2,
shaggy fur 1, tough skin 2
a: Berserk, Trog's Hand, Brothers in Arms, Burn Spellbooks, Renounce Religion


You were on level 8 of the Dungeon.
You worshipped Trog.
Trog was extremely pleased with you.
You were not hungry.

You visited 1 branch of the dungeon, and saw 8 of its levels.
You also visited: Sewer.

You collected 311 gold pieces.

Inventory:

Hand Weapons
 e - a +0 shortbow
 q - a +0 hand crossbow
 s - a +2 trident of protection (weapon)
 w - a +3 quarterstaff of chaos
Missiles
 i - 13 poisoned arrows
 o - 94 arrows
 t - 88 bolts
 z - 14 sling bullets of flame
 C - 6 tomahawks (quivered)
 E - 8 bolts of frost
Armour
 b - a +0 animal skin (worn)
 K - a +0 cloak of magic resistance (worn)
Jewellery
 u - a ring of poison resistance (left claw)
 D - a +1 ring of protection
 G - an uncursed ring of protection from cold
 I - a ring of sustain attributes (right claw)
Wands
 l - a wand of draining (5)
 n - a wand of fire (2)
 v - a wand of slowing (17)
 x - a wand of teleportation (5)
 y - a wand of digging (12)
 H - a wand of fireball (2)
Scrolls
 d - 3 scrolls of amnesia
 h - a scroll of remove curse
 j - 2 scrolls of recharging {unknown}
 J - a scroll of magic mapping
Potions
 f - 3 potions of curing
 m - a potion of cure mutation {unknown}
 p - a potion of haste {unknown}
 r - 2 potions of agility
 A - a potion of mutation {unknown}
 B - a potion of brilliance {unknown}
 F - a potion of magic {unknown}
Comestibles
 a - a royal jelly
 c - 6 bread rations
 g - a beef jerky
 k - 11 fruits


   Skills:
 + Level 5.6 Fighting
   Level 3.1 Maces & Flails
 + Level 4.6 Polearms
   Level 1.7 Slings
 + Level 0.3 Bows
 + Level 1.5 Crossbows
 + Level 7.6 Dodging
 - Level 0.1 Stealth


You had 8 spell levels left.
You didn't know any spells.

Dungeon Overview and Level Annotations

Branches:
Dungeon (8/15)             Temple (0/1) D:4
   Lair: D:8-11

Altars:
Ashenzari
Dithmenos
Elyvilon
Fedhas
Nemelex Xobeh
Okawaru
Qazlal
Sif Muna
Vehumet

Annotations:
D:8 Prince Ribbit


Innate Abilities, Weirdness & Mutations

You are too large for most types of armour.
You have claws for hands.
Your metabolism is lightning-fast.
You like to eat raw meat.
You heal very quickly.
You are covered in fur (AC +1).
You have very tough skin (AC +2).


Message History

Prince Ribbit is severely wounded.
Prince Ribbit hits you!
* * * LOW HITPOINT WARNING * * *
Prince Ribbit barely misses you.
Prince Ribbit momentarily phases out as your attack passes through him.
Prince Ribbit is severely wounded.
Prince Ribbit hits you!!
* * * LOW HITPOINT WARNING * * *
Unknown command.
A red film seems to cover your vision as you go berserk!
You feel yourself moving faster!
You feel mighty!
You feel somewhat more hungry. Prince Ribbit barely misses you.
Prince Ribbit blinks!
You feel a strong urge to attack something.
Things that are here:
a flail; a chain mail; an orc corpse You hit Prince Ribbit.
Prince Ribbit is almost dead.
Prince Ribbit hits you!!
You die...

..# ###.# ..#.#
##### #.#.# #....
#.#.#
#.#.####.#.###
.##.#.#..........#
.............>.#F#
......#.###....#@#
###.# #.#
#.####ยง# ....#
#.# #.# #.# ##..#
#.# #.# #.#
....###.# #.# #.#
........# #.. ..#
#.########### ###
.........#
.........#


You could see Prince Ribbit.

Vanquished Creatures
  Sigmund (D:5)
  Eustachio (D:6)
  Grum (D:8)
  2 wolves (D:8)
  Menkaure (D:6)
  An ice beast (D:6)
  The ghost of kaze the Ducker, an amateur TrBe of Trog (D:3)
  A black bear (D:8)
  3 ogres
  2 centaurs
  A big kobold (Sewer)
  2 giant frogs (D:6)
  2 scorpions
  3 crimson imps
  3 hounds
  2 orc wizards
  Crazy Yiuf (D:6)
  A giant frog skeleton (D:4)
  An orc priest (D:8)
  2 iguanas
  5 worker ants
  7 gnolls
  A worker ant zombie (D:5)
  11 adders
  A river rat (Sewer)
  2 shadow imps
  3 oozes
  2 worms (D:3)
  9 giant geckos
  19 orcs
  13 giant cockroaches
  9 goblins
  20 hobgoblins
  6 jackals
  7 quokkas
  11 bats
  A giant gecko skeleton (D:6)
  3 giant newts
  13 kobolds
  A quokka skeleton (D:5)
  11 rats
187 creatures vanquished.

Notes
Turn   | Place    | Note
--------------------------------------------------------------
     0 | D:1      | kaze the Troll Berserker began the quest for the Orb.
     0 | D:1      | Reached XP level 1. HP: 22/22 MP: 0/0
    43 | D:1      | Reached XP level 2. HP: 22/29 MP: 1/1
   288 | D:1      | Reached skill level 3 in Maces & Flails
   489 | D:1      | Reached ** piety under Trog
   533 | D:1      | Reached XP level 3. HP: 32/36 MP: 2/2
   630 | D:2      | Found a sparkling altar of Nemelex Xobeh.
   704 | D:2      | Found a shadowy altar of Dithmenos.
   890 | D:2      | Found a stormy altar of Qazlal.
   890 | D:2      | Found a blossoming altar of Fedhas.
  1029 | D:2      | Reached XP level 4. HP: 38/45 MP: 3/3
  1555 | D:3      | Found a shattered altar of Ashenzari.
  1761 | D:3      | Found a deep blue altar of Sif Muna.
  1816 | D:3      | Found a glowing drain.
  1820 | Sewer    | Entered a sewer
  1837 | Sewer    | Reached *** piety under Trog
  1903 | Sewer    | Noticed a big kobold
  1920 | Sewer    | Killed a big kobold
  1920 | Sewer    | Reached skill level 1 in Polearms
  1920 | Sewer    | Reached skill level 4 in Dodging
  1920 | Sewer    | Reached XP level 5. HP: 53/53 MP: 4/4
  1968 | Sewer    | Found a white marble altar of Elyvilon.
  2559 | D:3      | Noticed kaze's ghost (amateur TrBe)
  2574 | D:3      | Killed kaze's ghost
  2574 | D:3      | Reached XP level 6. HP: 24/61 MP: 5/5
  2836 | D:4      | Reached skill level 1 in Slings
  2975 | D:4      | Reached skill level 5 in Dodging
  2975 | D:4      | Reached XP level 7. HP: 58/68 MP: 6/6
  3002 | D:4      | Found a staircase to the Ecumenical Temple.
  3117 | D:4      | Reached **** piety under Trog
  3684 | D:5      | Entered Level 5 of the Dungeon
  4071 | D:5      | Noticed Sigmund
  4078 | D:5      | Killed Sigmund
  4078 | D:5      | Reached ***** piety under Trog
  4078 | D:5      | Reached XP level 8. HP: 79/79 MP: 7/7
  4108 | D:5      | Found a white marble altar of Elyvilon.
  4328 | D:5      | Found an iron altar of Okawaru.
  4592 | D:6      | Reached skill level 6 in Dodging
  4605 | D:6      | Reached skill level 5 in Fighting
  4704 | D:6      | Noticed Eustachio
  4776 | D:6      | Killed Eustachio
  4954 | D:6      | Noticed Menkaure
  4963 | D:6      | Killed Menkaure
  4963 | D:6      | Reached skill level 7 in Dodging
  5103 | D:6      | Noticed Crazy Yiuf
  5109 | D:6      | Killed Crazy Yiuf
  5223 | D:7      | Found a stormy altar of Qazlal.
  5239 | D:7      | Found a radiant altar of Vehumet.
  5413 | D:7      | Reached XP level 9. HP: 66/88 MP: 8/8
  5991 | D:8      | Noticed Grum
  6016 | D:8      | Killed Grum
  6016 | D:8      | Reached skill level 1 in Crossbows
  6213 | D:8      | Noticed Prince Ribbit
  6234 | D:8      | HP: 3/88 [Prince Ribbit (20)]
  6238 | D:8      | Mangled by Prince Ribbit

Action                   |  1- 3 |  4- 6 |  7- 9 || total
-------------------------+-------+-------+-------++-------
Melee: Mace              |   108 |       |       ||   108
       Trident           |    21 |   216 |   430 ||   667
 Fire: Hunting sling     |       |    29 |       ||    29
       Hand crossbow     |       |       |    37 ||    37
       Shortbow          |       |       |     4 ||     4
Invok: Berserk           |       |     3 |     5 ||     8
       Trog's Hand       |       |       |     2 ||     2
  Use: Scroll            |       |     6 |    10 ||    16
       Potion            |       |     6 |       ||     6
 Stab: Sleeping          |       |     1 |     1 ||     2
  Eat: Chunk             |    15 |    18 |    34 ||    67
